 Dungeon Crawl Stone Soup version 0.31-a0-232-gb1c03b2570 (webtiles) character file.

Game seed: 5923226817366163920

3180 MacCMillion the Skirmisher (level 9, -2/47 HPs)
             Began as a Spriggan Hunter on July 7, 2023.
             Was an Initiate of Dithmenos.
             Slain by a water moccasin (7 damage)
             ... on level 9 of the Dungeon.
             The game lasted 00:20:45 (12097 turns).

MacCMillion the Skirmisher (Spriggan Hunter)       Turns: 12097, Time: 00:20:46

Health: -2/47      AC:  3    Str:  7    XL:     9   Next: 63%
Magic:  10/10      EV: 26    Int: 11    God:    Dithmenos [......]
Gold:   548        SH:  0    Dex: 22    Spells: 8/8 levels left

rFire   . . .        a - +1 shortbow
rCold   . . .        (shield currently unavailable)
rNeg    . . .        c - +0 robe
rPois   .            (helmet restricted)
rElec   .            h - +0 cloak
rCorr   .            (gloves unavailable)
SInv    +            (boots unavailable)
Will    +....        (no amulet)
Stlth   +++          (no ring)
HPRegen 0.27/turn    (no ring)
MPRegen 0.12/turn

%: no passive effects
@: lethally poisoned (-2 -> -13), very quick
A: very small, no large weapons, unfitting armour, see invisible, speed 3
a: Renounce Religion


You were on level 9 of the Dungeon.
You worshipped Dithmenos.
Dithmenos was noncommittal.
You visited 2 branches of the dungeon, and saw 10 of its levels.
You also visited: Sewer.

You collected 578 gold pieces.
You spent 30 gold pieces at shops.

Inventory:

Hand Weapons
 a - a +1 shortbow (weapon)
Armour
 c - a +0 robe (worn)
 h - a +0 cloak (worn)
Jewellery
 q - a ring of protection from fire
 s - a ring of positive energy
Wands
 r - a wand of flame (22)
Scrolls
 b - a scroll of butterflies
 d - 3 scrolls of identify
 e - a scroll of fear
 f - 4 scrolls of enchant weapon
 i - a scroll of noise
 j - 7 scrolls of teleportation
 o - a scroll of amnesia {unknown}
 p - a scroll of enchant armour {unknown}
Potions
 g - a potion of curing
 k - 2 potions of attraction
 l - a potion of degeneration
 m - 2 potions of mutation
 n - 4 potions of enlightenment


   Skills:
 - Level 5.0 Fighting
 + Level 10.6 Ranged Weapons
 + Level 9.7 Dodging
 - Level 4.0 Stealth


You had 8 spell levels left.
You didn't know any spells.
Your spell library contained the following spells:

 Spells                   Type           Power      Damage    Failure   Level
 Sting                    Tmut/Pois      0%         1d3       34%         1
 Poisonous Vapours        Pois/Air       0%         N/A       47%         2
 Mephitic Cloud           Conj/Pois/Air  0%         N/A       71%         3
 Animate Armour           Summ/Erth      0%         N/A       98%         4
 Olgreb's Toxic Radiance  Pois           0%         N/A       98%         4
 Passage of Golubria      Tloc           0%         N/A       98%         4
 Summon Lightning Spire   Summ/Air       0%         N/A       98%         4
 Blade Hands              Tmut           0%         N/A       100%        5
 Freezing Cloud           Conj/Ice/Air   0%         6-21      100%        5
 Silence                  Hex/Air        0%         N/A       100%        5
 Lehudib's Crystal Spear  Conj/Erth      0%         10d2      100%        8


Dungeon Overview and Level Annotations

Branches:
Dungeon (9/15)             Temple (1/1) D:6           Sewer (visited)
   Lair: D:8-11         Orc: D:9-12

Altars:
Cheibriados
Dithmenos
Elyvilon
Fedhas
Hepliaklqana
Kikubaaqudgha
Nemelex Xobeh
Okawaru
Qazlal
Ru
Trog
Uskayaw
Vehumet
Xom
Yredelemnul
Zin
The Shining One

Shops:
D:3 [   D:5 *   D:8 =

Annotations:
D:7 Amaemon
D:8 Erica, Grum, Joseph


Innate Abilities, Weirdness & Mutations

You are very small and have problems with some larger weapons.
You are too small for most types of armour.
You have supernaturally acute eyesight. (SInv)
You cover ground extremely quickly. (Speed+++)


Message History

You kill the killer bee!
Dithmenos accepts your kill.
You feel sick. The killer bee misses you. The killer bee closely misses you.
You feel sick.
You shoot an arrow. The arrow hits the orc warrior.
The orc warrior is severely wounded.
You feel sick. The killer bee closely misses you.
The killer bee stings you but does no damage.
The orc warrior closely misses you.
You shoot an arrow.
The arrow closely misses the orc warrior.
You feel sick.
The killer bee completely misses you. x2
The orc warrior completely misses you.
You shoot an arrow.
The arrow closely misses the orc warrior.
You feel sick. The water moccasin bites you. The killer bee barely misses you.
You shoot an arrow. The arrow hits the orc warrior.
The orc warrior is almost dead.
You feel sick. The killer bee misses you.
The water moccasin closely misses you. The orc warrior completely misses you.
The killer bee closely misses you.
You shoot an arrow.
The arrow hits the orc warrior but does no damage.
The orc warrior is almost dead.
You feel sick.
The water moccasin bites you but does no damage.
The killer bee completely misses you.
The orc warrior hits you with a +0 scimitar!
* * * LOW HITPOINT WARNING * * *
The killer bee completely misses you. The water moccasin bites you!
* * * LOW HITPOINT WARNING * * *
You are lethally poisoned!
The water moccasin poisons you!
You shoot an arrow.
The arrow barely misses the orc warrior.
* * * LOW HITPOINT WARNING * * *
You feel very sick. The killer bee misses you.
The orc warrior completely misses you. The water moccasin bites you!
You die...

.................#.##
.........)..........
........##.........#
....<..###.........
.......###........##
..[.....#..........#
...................##
.......##....o.yS...#...
......##.......#@......#
.....###....##.#o.....##
.....##..............##
........=............#
......#..........##.>..
.....##........### ...##
.....#.........# .##
.....#........... .#
.....#...>...###..


You could see an orc warrior, a water moccasin, a killer bee and an orc wizard.

Vanquished Creatures
  Sigmund (D:6)
  A wyvern (D:8)
  Edmund (D:6)
  A black bear (D:7)
  2 orc warriors
  3 ogres
  4 centaurs
  2 wolves (D:8)
  A phantom (D:5)
  A bullfrog (D:7)
  4 scorpions
  3 killer bees
  A howler monkey (D:9)
  5 jellies
  2 quasits (D:6)
  A hound (D:7)
  3 orc priests (D:5)
  2 gnoll boudas (D:6)
  4 sleepcaps
  An iguana (D:5)
  9 orc wizards
  A sickly merfolk siren (Sewer)
  A malarious merfolk avatar (Sewer)
  7 gnolls (D:6)
  10 adders
  2 river rats (Sewer)
  2 shadow imps (D:6)
  2 white imps (D:8)
  6 ufetubi (D:6)
  3 worms
  3 dart slugs
  23 orcs
  6 bats
  10 endoplasms
  8 giant cockroaches
  9 goblins
  7 hobgoblins
  2 quokkas (D:2)
  15 ball pythons
  10 frilled lizards
  8 kobolds
  30 rats
217 creatures vanquished.

Notes
Turn   | Place    | Note
-------+----------+-------------------------------------------
     0 | D:1      | MacCMillion the Spriggan Hunter began the quest for the
                  | Orb.
     0 | D:1      | Reached XP level 1. HP: 10/10 MP: 2/2
    60 | D:1      | Reached XP level 2. HP: 15/15 MP: 3/3
   431 | D:2      | Reached XP level 3. HP: 18/18 MP: 4/4
   584 | D:2      | Found a faded altar of an unknown god.
   771 | D:2      | Reached XP level 4. HP: 23/23 MP: 5/5
   985 | D:2      | Reached skill level 5 in Ranged Weapons
  1723 | D:3      | Found Siusalag's Armour Shop.
  2071 | D:4      | Noticed a scorpion
  2494 | D:4      | Reached XP level 5. HP: 26/26 MP: 6/6
  2764 | D:4      | Reached skill level 6 in Ranged Weapons
  2923 | D:4      | Found an ancient bone altar of Kikubaaqudgha.
  2955 | D:4      | Found a radiant altar of Vehumet.
  3181 | D:4      | Noticed an ogre
  3194 | D:4      | Killed an ogre
  3195 | D:4      | Reached XP level 6. HP: 30/30 MP: 7/7
  3256 | D:4      | Reached skill level 7 in Ranged Weapons
  3471 | D:5      | Entered Level 5 of the Dungeon
  3611 | D:5      | Found a bloodstained altar of Trog.
  4322 | D:5      | Reached skill level 8 in Ranged Weapons
  4322 | D:5      | Reached XP level 7. HP: 28/35 MP: 8/8
  4535 | D:5      | Found Doephoun's General Store.
  4541 | D:5      | Bought a scroll of identify for 30 gold pieces
  5513 | D:6      | Reached skill level 5 in Dodging
  5513 | D:6      | Reached XP level 8. HP: 33/40 MP: 9/9
  5778 | D:6      | Found a glowing drain.
  5814 | Sewer    | Entered a sewer
  6841 | D:6      | Reached skill level 9 in Ranged Weapons
  6942 | D:6      | Found a staircase to the Ecumenical Temple.
  7411 | Temple   | Entered the Ecumenical Temple
  7508 | Temple   | Became a worshipper of Dithmenos the Shadowed
  7685 | D:6      | Noticed Edmund
  7692 | D:6      | Killed Edmund
  7707 | D:6      | Noticed Sigmund
  7728 | D:6      | Killed Sigmund
  8278 | D:7      | Reached XP level 9. HP: 36/46 MP: 10/10
  8508 | D:7      | Reached skill level 5 in Fighting
  9040 | D:7      | Reached skill level 10 in Ranged Weapons
  9567 | D:8      | Noticed Joseph
  9829 | D:8      | Noticed Amaemon
  9829 | D:8      | Noticed an orange demon
 10992 | D:8      | Noticed Grum
 11771 | D:8      | Found Jaloliega's Jewellery Shoppe.
 11772 | D:8      | Noticed Erica
 12097 | D:9      | Slain by a water moccasin

Illustrated notes

Levels and vault maps discovered:
D:1:      erik_arrival_blinker_ship, layout_rooms
D:2:      layout_loops_ring, nicolae_ecumenical_snake_handling, minmay_circle_x
D:3:      layout_basic, serial_shops, nicolae_shop_tiny_waterfront
D:4:      layout_gridville, mainiacjoe_overflow_catwalk_spiral
D:5:      layout_basic, lemuel_doored_altar, serial_shops, shop
D:6:      layout_basic, minmay_temple_entry_waves, gup_sewer_entry_glass,
          serial_demonic, serial_demonic_f, serial_demonic_b, serial_demonic_e,
          serial_demonic_b, serial_demonic_e, sigmund_edmund_badplayer
D:7:      layout_loops_ring, minmay_misc_feat_x, hex_tiny
D:8:      layout_loops_ring, serial_shops, nicolae_take_the_stairs, minivault_1,
          wad_floor_pattern_untrapped, uniq_grum, uniq_joseph, uniq_amaemon,
          uniq_erica
D:9:      layout_cave_pools, minmay_overflow_temple_star_hex, serial_shops,
          shop, minmay_fire_ice_demons
Temple:   nicolae_temple_great_sept

Skill      XL: |  1  2  3  4  5  6  7  8  9 |
---------------+----------------------------+-----
Stealth        | 2 3 4 |  4.0
Dodging        | 3 5 7 9 |  9.7
Fighting       | 2 3 4 5 |  5.0
Ranged Weapons | 5 6 8 9 10 | 10.6

Action                     |  1- 3 |  4- 6 |  7- 9 || total
---------------------------+-------+-------+-------++-------
  Melee: Shortbow          |       |     2 |       ||     2
   Fire: Shortbow          |   105 |   216 |   699 ||  1020
    Use: Scroll            |       |       |     8 ||     8
 Armour: Robe              |     8 |     7 |    29 ||    44
  Dodge: Dodged            |    38 |    58 |   342 ||   438

Table legend: (Time is in decaauts)
 A = Elapsed time spent in this place.
 B = Non-inter-level travel time spent in this place.
 C = Inter-level travel time spent in this place.
 D = Time resting spent in this place.
 E = Time spent auto-exploring this place.
 F = Levels seen in this place.
 G = Mean time per level.
                   A        B        C        D        E       F      G
               +--------+--------+--------+--------+--------+-----+--------+
         Total |   9537 |   9260 |    277 |   4077 |   3032 |  11 |  867.0 |
       Dungeon |   8640 |   8363 |    277 |   3553 |   2865 |   9 |  960.0 |
        Temple |     65 |     65 |      0 |      0 |     36 |   1 |   65.0 |
         Sewer |    830 |    830 |      0 |    523 |    130 |   1 |  830.0 |
               +--------+--------+--------+--------+--------+-----+--------+

Top non-repeatable levels by time:
     D:7: 2200 daAuts
     D:4: 1616 daAuts
     D:6: 1340 daAuts
     D:5: 1319 daAuts
   Sewer: 830 daAuts
     D:8: 684 daAuts
     D:2: 638 daAuts
     D:3: 452 daAuts
     D:1: 289 daAuts
     D:9: 97 daAuts
  Temple: 65 daAuts
